 Dungeon Crawl Stone Soup version 0.29.0-11-gd7f09526c8 (webtiles) character file.

Game seed: 11063766072017754572

19747 quinnr the Devastator (level 12, -4/68 HPs)
             Began as a Tengu Conjurer on Sept 7, 2022.
             Slain by a death yak (16 damage)
             ... on level 1 of the Lair of Beasts.
             The game lasted 00:37:17 (20204 turns).

quinnr the Devastator (Tengu Conjurer)             Turns: 20204, Time: 00:37:17

Health: -4/68      AC:  6    Str:  9    XL:     12   Next: 72%
Magic:  5/29       EV: 23    Int: 22    God:
Gold:   617        SH:  5    Dex: 13    Spells: 7/21 levels left

rFire   . . .      SeeInvis .   G - +2 dagger (drain)
rCold   . . .      Faith    .   x - +0 buckler
rNeg    . . .      Spirit   .   u - +2 robe {Archmagi}
rPois   .          Reflect  .   (helmet restricted)
rElec   .          Harm     .   N - +0 cloak
rCorr   .          Rampage  .   j - +0 pair of gloves
Will    .....      Archmagi +   (boots unavailable)
Stlth   +++.......              g - amulet of the acrobat
HPRegen 0.21/turn               E - +4 ring of evasion
MPRegen 0.21/turn               M - ring of magical power

@: flying quickly and evasively, quick
A: beak, talons 3, nimble flight
a: no special abilities


You were on level 1 of the Lair of Beasts.
You visited 3 branches of the dungeon, and saw 15 of its levels.

You collected 680 gold pieces.
You spent 63 gold pieces at shops.


Innate Abilities, Weirdness & Mutations

You have a beak for a mouth.
You have claws for feet.
Your magical nature lets you fly swiftly and evasively.


   Skills:
 - Level 5.0 Fighting
 - Level 10.0 Dodging
 - Level 6.0 Stealth
 - Level 4.0 Shields
 - Level 5.0 Spellcasting
 - Level 15.0 Conjurations
 - Level 2.0 Hexes
 - Level 4.0 Translocations
 + Level 9.7 Fire Magic
 - Level 5.0 Evocations


You had 7 spell levels left.
You knew the following spells:

 Your Spells              Type           Power      Damage    Failure   Level
d - Dazzling Flash        Conj/Hex       100%       N/A       1%          3
m - Magic Dart            Conj           100%       1d8       1%          1
s - Searing Ray           Conj           100%       2d8       1%          2
y - Sticky Flame          Conj/Fire      74%        2d9       1%          4
X - Iskenderun's Mystic   Conj/Tloc      63%        2d13      2%          4

Your spell library contained the following spells:

 Spells                   Type           Power      Damage    Failure   Level
 Static Discharge         Conj/Air       55%        3-10/arc  1%          2
 Fulminant Prism          Conj/Hex       29%        3d14      3%          4
 Ensorcelled Hibernation  Hex/Ice        28%        N/A       13%         2
 Passwall                 Tmut/Erth      6%         N/A       19%         2
 Swiftness                Air            8%         N/A       36%         3
 Dispel Undead            Necr           8%         3d8       77%         4
 Olgreb's Toxic Radiance  Pois           8%         N/A       77%         4
 Ozocubu's Refrigeration  Ice            4%         4d8       100%        7
 Ignition                 Fire           32%        3d10      100%        8

Inventory:

Hand Weapons
 v - a +1 dagger of electrocution
 G - a +2 dagger of draining (weapon)
Missiles
 d - 23 poisoned darts
 A - a throwing net {=f}
 H - 10 curare-tipped darts {=f}
Armour
 j - a +0 pair of gloves (worn)
 m - a +2 robe of cold resistance
 u - a +2 robe of the Archmagi (worn)
 x - a +0 buckler (worn)
 N - a +0 cloak (worn)
Magical Staves
 z - a staff of cold {!a}
Jewellery
 g - an amulet of the acrobat (around neck)
 E - a +4 ring of evasion (left hand)
 F - a ring of protection from fire
 M - a ring of magical power (right hand)
Wands
 n - a wand of mindburst (6)
 r - a wand of flame (30)
 t - a wand of iceblast (32)
 y - a wand of charming (15)
 C - a wand of digging (15)
Scrolls
 a - 2 scrolls of amnesia
 c - 9 scrolls of teleportation {@r2}
 h - a scroll of poison
 i - 4 scrolls of noise
 l - 3 scrolls of enchant armour
 p - a scroll of blinking {unknown}
 s - 2 scrolls of fog
 J - a scroll of vulnerability {unknown}
Potions
 b - a potion of brilliance
 e - 3 potions of lignification
 f - a potion of cancellation
 k - 4 potions of heal wounds {@q2}
 o - 5 potions of curing {@q1}
 q - a potion of flight
 w - 3 potions of mutation
 D - a potion of might
 K - a potion of resistance
 O - a potion of haste {unknown}

Dungeon Overview and Level Annotations

Branches:
Dungeon (13/15)            Temple (1/1) D:5            Lair (1/5) D:8
    Orc (0/2) D:11         Vaults (0/5) D:13

Altars:
Ashenzari
Cheibriados
Elyvilon
Fedhas
Hepliaklqana
Kikubaaqudgha
Makhleb
Nemelex Xobeh
Ru
Uskayaw
Vehumet
Wu Jian
Xom
The Shining One

Shops:
D:1 (   D:6 [

Annotations:
D:8 1 runed translucent door, Woods's ghost, novice DrAE
D:13 Nessos

******,,*** #.....#****,****
,,,,,,,,,,******#.....+,,,,,,,,**
,******,*,,,,,*,#.....#*,**,*,,,,
** *,,***,,,,+.....##*********
**,* *****#......# * *,* ##+.####
* **,* ###.## ** *,,* ##...# *,
***,* #.@.## ** ****,,+**
##'#Y##### *****,
*,,,,,,,**##........#*****,,,,,
*,,,,,.,,*#........$#.[,,,+,,,,
***,,,,,...###...........,***,,,,
*,*,,,,,,,+...........+.#** *,,,,
,,+,,,,,,,####........#*# *,,,,
,**,,,,,,,,* ##'####.## *,,,,
***,,,,,,,,* ##..# *## *,,,,


You could see a death yak (drained).


Message History

The death yak misses you. The death yak completely misses you.
There is an open door here.
Okay, then.
You sense an unholy aura.
G - a +2 dagger of draining (weapon)
The death yak completely misses you.
Aiming: Iceblast
Press: ? - help, Shift-Dir - straight line, f/p - death yak
Aim: a death yak (heavily wounded)
The mass of ice explodes!
The iceblast engulfs the death yak!
The death yak is severely wounded.
The iceblast engulfs the death yak!
The death yak is severely wounded.
You hit the death yak but do no damage.
You claw the death yak, but do no damage.
The death yak is severely wounded.
The death yak gores you!
* * * LOW HITPOINT WARNING * * *
You block the death yak's attack.
Unknown command.
You hit the death yak but do no damage. You drain the death yak.
Your kick misses the death yak.
The death yak is severely wounded.
The death yak gores you!!
* * * LOW HITPOINT WARNING * * *
Unknown command.
There is an open door here.
You reach down and open the door.
The death yak gores you!
You die...

Skill      XL: |  1  2  3  4  5  6  7  8  9 10 11 12 |
---------------+-------------------------------------+-----
Conjurations   | 6 7 8 10 11 14 15 | 15.0
Fighting       | 1 2 4 5 |  5.0
Spellcasting   | 3 4 5 |  5.0
Dodging        | 3 4 5 6 7 9 10 | 10.0
Shields        | 3 4 |  4.0
Translocations | 2 4 |  4.0
Evocations     | 3 5 |  5.0
Stealth        | 4 6 |  6.0
Hexes          | 2 |  2.0
Fire Magic     | 4 9 |  9.7

Action                   |  1- 3 |  4- 6 |  7- 9 | 10-12 || total
-------------------------+-------+-------+-------+-------++-------
Melee: Unarmed           |     5 |     6 |       |       ||    11
       Peck              |     1 |     3 |     2 |     2 ||     8
       Dagger            |       |       |     6 |     6 ||    12
       Kick              |       |       |     2 |     2 ||     4
Throw: Dart              |       |       |     6 |       ||     6
 Cast: Magic Dart        |    72 |    73 |   135 |   173 ||   453
       Searing Ray       |     2 |    18 |    56 |   125 ||   201
       Iskenderun's Myst |       |       |     3 |    73 ||    76
       Sticky Flame      |       |       |       |    19 ||    19
       Dazzling Flash    |       |       |       |     3 ||     3
Evoke: Wand              |       |       |     1 |     7 ||     8
  Use: Potion            |     2 |     3 |       |     1 ||     6
       Scroll            |       |     6 |     2 |    10 ||    18
Armor: Robe              |     3 |     4 |     7 |    17 ||    31
Dodge: Dodged            |    18 |    28 |    84 |   189 ||   319
Block: Buckler           |       |       |     8 |    41 ||    49

Levels and vault maps discovered:
D:1:      noname_arrival_rooms_in_the_neighbourhood, layout_basic, serial_shops,
          shop
D:2:      minmay_razor_zed, layout_loops_corners, ebering_ecumenical_altar_mist
D:3:      layout_basic, minivault_23
D:4:      layout_rooms, nicolae_overflow_two_pavilions, reono_crystal_passage,
          uniq_ijyb
D:5:      layout_basic, nicolae_ru_sacrificial_ziggurat,
          minmay_temple_entry_nine_rooms, uniq_blork_the_orc
D:6:      nicolae_BIG_FREAKIN_CUBE, layout_cave_pools, serial_gnoll_camp,
          gnoll_camp_mini_house, gnoll_camp_mini_basic, gnoll_camp_mini_shop,
          gnoll_camp_mini_sergeant, uniq_eustachio
D:7:      layout_loops_corners, serial_undead, serial_undead_e, serial_undead_c,
          serial_undead_d, serial_undead_c, serial_undead_f, serial_undead_f,
          st_stairs_12, serial_bayou_ford_a
D:8:      layout_cave_pods, grunt_lair_entry_orc_guard_hut, ebering_ghost_xom
D:9:      layout_basic, tgw_kikubaaqudgha
D:10:     layout_long_grid, kennysheep_generic_room_6, uniq_maurice
D:11:     layout_rooms, orc_0_dummy
D:12:     layout_stronghold
D:13:     layout_basic, david_vaults_3, serial_rivers,
          chequers_serial_rivers_micro_d, chequers_serial_rivers_micro_c,
          chequers_serial_rivers_room_a, chequers_serial_rivers_micro_c,
          chequers_serial_rivers_room_b, uniq_sonja
Temple:   compressed_dpeg_circular_temple
Lair:1:   layout_roguey, gauntlet_entry_generic, minivault_27,
          chequers_serial_rivers_micro_d, uniq_harold, uniq_fannar

Notes
Turn   | Place    | Note
-------+----------+-------------------------------------------
     0 | D:1      | quinnr the Tengu Conjurer began the quest for the Orb.
     0 | D:1      | Reached XP level 1. HP: 10/10 MP: 4/4
   270 | D:1      | Reached XP level 2. HP: 4/15 MP: 4/6
   272 | D:1      | Reached skill level 6 in Conjurations
   350 | D:1      | Learned a level 2 spell: Searing Ray
   601 | D:1      | Found Qecadwea's Weapon Emporium.
   815 | D:1      | Reached XP level 3. HP: 19/19 MP: 5/7
  1863 | D:2      | Reached XP level 4. HP: 23/24 MP: 0/8
  2047 | D:2      | Reached skill level 1 in Fighting
  2205 | D:2      | Found a faded altar of an unknown god.
  2619 | D:2      | Reached skill level 7 in Conjurations
  2999 | D:3      | Gained mutation: Your magical nature lets you fly swiftly
                  | and evasively. [Tengu growth]
  2999 | D:3      | Reached XP level 5. HP: 29/29 MP: 5/10
  3040 | D:3      | HP: 1/29 [orc priest/divine providence (10)]
  3046 | D:3      | Reached skill level 3 in Spellcasting
  4232 | D:3      | Reached skill level 3 in Dodging
  4232 | D:3      | Reached skill level 8 in Conjurations
  4232 | D:3      | Reached XP level 6. HP: 31/34 MP: 11/11
  4803 | D:4      | Reached skill level 4 in Dodging
  4853 | D:4      | Noticed Ijyb
  4884 | D:4      | Killed Ijyb
  4885 | D:4      | Reached XP level 7. HP: 26/39 MP: 12/12
  5296 | D:4      | Found a white marble altar of Elyvilon.
  5297 | D:4      | Found a broken altar of Ashenzari.
  5329 | D:5      | Entered Level 5 of the Dungeon
  5342 | D:5      | Reached skill level 2 in Fighting
  5342 | D:5      | Reached skill level 9 in Conjurations
  5480 | D:5      | Identified a +2 robe of the Archmagi
  5480 | D:5      | Noticed Blork the orc
  5609 | D:5      | Killed Blork the orc
  5701 | D:5      | Found a staircase to the Ecumenical Temple.
  5743 | Temple   | Entered the Ecumenical Temple
  5807 | D:5      | Reached skill level 5 in Dodging
  6161 | D:5      | Found a sacrificial altar of Ru.
  6656 | D:6      | Noticed Eustachio
  6853 | D:5      | Reached skill level 10 in Conjurations
  6853 | D:5      | Reached XP level 8. HP: 29/44 MP: 13/13
  6995 | D:5      | Killed Eustachio
  6996 | D:5      | Reached skill level 6 in Dodging
  7212 | D:6      | Reached skill level 11 in Conjurations
  7217 | D:6      | Learned a level 4 spell: Iskenderun's Mystic Blast
  7677 | D:6      | Found Jaiguzi's Armour Shop.
  7685 | D:6      | Bought a +0 buckler for 63 gold pieces
  7807 | D:6      | Reached skill level 1 in Shields
  7807 | D:6      | Reached skill level 1 in Translocations
  8139 | D:6      | Reached skill level 2 in Shields
  8393 | D:7      | Reached skill level 3 in Shields
  8610 | D:7      | Reached skill level 2 in Translocations
  8610 | D:7      | Reached XP level 9. HP: 48/48 MP: 14/14
  8839 | D:7      | Noticed a two-headed ogre
  8973 | D:7      | Killed a two-headed ogre
  8974 | D:7      | Reached skill level 4 in Shields
  8974 | D:7      | Reached skill level 12 in Conjurations
  8974 | D:7      | Reached skill level 3 in Translocations
  9190 | D:7      | Reached skill level 13 in Conjurations
  9709 | D:7      | Reached skill level 4 in Translocations
  9777 | D:7      | Identified the +0 ring mail "Aryogiu" {rN+ Int+4}
 10094 | D:8      | Reached skill level 14 in Conjurations
 10095 | D:8      | Reached XP level 10. HP: 53/53 MP: 7/15
 10238 | D:8      | Found a runed translucent door.
 10239 | D:8      | Found a shimmering altar of Xom.
 10239 | D:8      | Noticed Woods's ghost (novice DrAE)
 10239 | D:8      | Noticed a +1 falchion of chaos
 10411 | D:7      | Reached skill level 15 in Conjurations
 10903 | D:8      | Noticed a kobold demonologist
 10904 | D:8      | Noticed a kobold demonologist
 10935 | D:7      | Killed a kobold demonologist
 10936 | D:7      | Reached skill level 1 in Evocations
 10939 | D:7      | Noticed a sixfirhy
 10940 | D:7      | Killed a kobold demonologist
 11229 | D:8      | Noticed a two-headed ogre
 11262 | D:7      | Killed a two-headed ogre
 11263 | D:7      | Reached skill level 3 in Fighting
 11263 | D:7      | Reached skill level 3 in Stealth
 11263 | D:7      | Reached skill level 2 in Evocations
 11535 | D:8      | Reached skill level 4 in Spellcasting
 11633 | D:8      | Found a staircase to the Lair.
 11971 | D:8      | Reached skill level 7 in Dodging
 11971 | D:8      | Reached skill level 4 in Stealth
 11971 | D:8      | Reached skill level 3 in Evocations
 12265 | D:9      | Noticed a gargoyle
 12273 | D:9      | Killed a gargoyle
 12368 | D:9      | Learned a level 3 spell: Dazzling Flash
 12426 | D:9      | Reached skill level 4 in Fighting
 12543 | D:9      | Reached XP level 11. HP: 61/61 MP: 18/18
 12562 | D:9      | Reached skill level 1 in Hexes
 13236 | D:9      | Learned a level 4 spell: Sticky Flame
 13352 | D:9      | Found an ancient bone altar of Kikubaaqudgha.
 13923 | D:10     | Entered Level 10 of the Dungeon
 13958 | D:10     | Reached skill level 5 in Stealth
 13964 | D:10     | Reached skill level 4 in Evocations
 13968 | D:10     | Reached skill level 1 in Fire Magic
 14232 | D:10     | Identified a +0 robe of the Archmagi
 14322 | D:10     | Reached skill level 5 in Spellcasting
 14470 | D:10     | Noticed Maurice
 14481 | D:10     | Killed Maurice
 14561 | D:10     | Identified a potion of resistance
 14617 | D:10     | Noticed a two-headed ogre
 14660 | D:10     | Killed a two-headed ogre
 14661 | D:10     | Reached skill level 5 in Fighting
 14661 | D:10     | Reached skill level 8 in Dodging
 14661 | D:10     | Reached skill level 2 in Hexes
 14661 | D:10     | Reached skill level 2 in Fire Magic
 15675 | D:10     | Reached skill level 3 in Fire Magic
 15745 | D:11     | Reached skill level 6 in Stealth
 15745 | D:11     | Reached skill level 5 in Evocations
 16365 | D:11     | Found a staircase to the Orcish Mines.
 16716 | D:11     | Reached skill level 4 in Fire Magic
 16968 | D:11     | Reached skill level 9 in Dodging
 17123 | D:12     | Reached XP level 12. HP: 68/68 MP: 20/20
 17559 | D:12     | Reached skill level 5 in Fire Magic
 18428 | D:12     | Reached skill level 10 in Dodging
 18428 | D:12     | Reached skill level 6 in Fire Magic
 19066 | D:12     | Noticed a two-headed ogre
 19090 | D:12     | Killed a two-headed ogre
 19091 | D:12     | Reached skill level 7 in Fire Magic
 19198 | D:12     | Noticed a five-headed hydra
 19204 | D:12     | Killed a five-headed hydra
 19377 | D:12     | Noticed a two-headed ogre
 19386 | D:12     | Killed a two-headed ogre
 19387 | D:12     | Reached skill level 8 in Fire Magic
 19611 | D:12     | Noticed a two-headed ogre
 19623 | D:12     | Killed a two-headed ogre
 19733 | D:13     | Noticed a two-headed ogre
 19733 | D:13     | Noticed Nessos
 19733 | D:13     | Found a gate to the Vaults.
 20018 | Lair:1   | Entered Level 1 of the Lair of Beasts
 20053 | Lair:1   | Noticed Fannar
 20058 | Lair:1   | Killed Fannar
 20059 | Lair:1   | Reached skill level 9 in Fire Magic
 20139 | Lair:1   | Noticed Harold
 20142 | Lair:1   | Noticed a death yak
 20142 | Lair:1   | Noticed a death yak
 20144 | Lair:1   | Killed Harold
 20144 | Lair:1   | Noticed a death yak
 20204 | Lair:1   | Slain by a death yak

Vanquished Creatures
  Harold (Lair:1)
  6 two-headed ogres
  A hydra (D:12)
  3 skeletal warriors (D:12)
  A cyclops (D:12)
  An ugly thing (D:12)
  Maurice (D:10)
  3 gargoyles
  An unseen horror (D:12)
  2 kobold demonologists (D:7)
  4 trolls
  A hornet (D:8)
  6 slime creatures
  2 wraiths
  18 yaks
  A steam dragon (D:8)
  Eustachio (D:5)
  5 orc warriors
  2 ogres
  A hornet zombie (D:7)
  A centaur (D:10)
  A phantom (D:6)
  Blork the orc (D:5)
  3 kobold brigands (D:7)
  4 gnoll sergeants
  2 necrophages
  5 bullfrogs
  4 scorpions
  16 wights
  13 killer bees
  An electric eel (D:7)
  3 howler monkeys (D:7)
  2 bullfrog zombies (D:7)
  2 hounds
  6 orc priests
  2 jellies
  Ijyb (D:4)
  2 gnoll boudas
  2 iguanas (D:6)
  8 orc wizards
  2 killer bee zombies (D:7)
  6 adders
  22 gnolls
  A shadow imp (D:6)
  3 white imps
  An ufetubus (D:5)
  3 worms
  3 dart slugs
  31 orcs
  12 ball pythons
  9 endoplasms
  2 giant cockroaches (D:1)
  5 goblins
  6 hobgoblins
  7 jackals
  2 quokkas (D:1)
  9 bats
  6 frilled lizards
  11 kobolds
  6 rats
287 creatures vanquished.

Vanquished Creatures (collateral kills)
  Fannar (Lair:1)
  A bullfrog (Lair:1)
2 creatures vanquished.

Vanquished Creatures (others)
  A human (D:9)
  20 fungi (D:8)
  19 plants
  A withered plant (D:7)
41 creatures vanquished.

Grand Total: 330 creatures vanquished

Table legend: (Time is in decaauts)
 A = Elapsed time spent in this place.
 B = Non-inter-level travel time spent in this place.
 C = Inter-level travel time spent in this place.
 D = Time resting spent in this place.
 E = Time spent auto-exploring this place.
 F = Levels seen in this place.
 G = Mean time per level.
                   A        B        C        D        E       F      G
               +--------+--------+--------+--------+--------+-----+--------+
         Total |  19464 |  18976 |    488 |   2413 |  13714 |  15 | 1297.6 |
       Dungeon |  19281 |  18826 |    455 |   2413 |  13706 |  13 | 1483.2 |
        Temple |     34 |     29 |      5 |      0 |      7 |   1 |   34.0 |
          Lair |    149 |    122 |     27 |      0 |      0 |   1 |  149.0 |
               +--------+--------+--------+--------+--------+-----+--------+

Top non-repeatable levels by time:
    D:12: 2699 daAuts
     D:7: 2306 daAuts
    D:10: 2186 daAuts
     D:2: 1872 daAuts
     D:9: 1713 daAuts
     D:8: 1510 daAuts
     D:5: 1451 daAuts
     D:3: 1450 daAuts
     D:6: 1204 daAuts
     D:1: 1042 daAuts
     D:4: 963 daAuts
    D:11: 877 daAuts
  Lair:1: 149 daAuts
  Temple: 34 daAuts
    D:13: 1 daAuts

Table legend:
 A = Non-vault XP
 B = Vault XP
 C = Vault XP percentage of total XP
 D = Non-vault monster count
 E = Vault monster count
 F = Vault count percentage of total count
                 A         B        C        D         E       F
            +---------+---------+-------+---------+---------+-------
      Total |   22977 |    5234 |  18.6 |     236 |      53 |  18.3
            +---------+---------+-------+---------+---------+-------
        D:1 |      39 |       0 |   0.0 |      24 |       0 |   0.0
        D:2 |      38 |      32 |  45.7 |      18 |      14 |  43.8
        D:3 |     237 |       0 |   0.0 |      19 |       0 |   0.0
        D:4 |     310 |      38 |  10.9 |      21 |       1 |   4.5
        D:5 |     364 |     285 |  43.9 |       7 |       2 |  22.2
        D:6 |     293 |     393 |  57.3 |      12 |      15 |  55.6
        D:7 |    2779 |    1453 |  34.3 |      22 |      11 |  33.3
        D:8 |    1746 |     685 |  28.2 |      27 |       6 |  18.2
        D:9 |    2904 |       0 |   0.0 |      32 |       0 |   0.0
       D:10 |    4346 |     575 |  11.7 |      26 |       2 |   7.1
       D:11 |    1825 |       0 |   0.0 |       7 |       0 |   0.0
       D:12 |    8011 |       0 |   0.0 |      20 |       0 |   0.0
     Lair:1 |      85 |    1773 |  95.4 |       1 |       2 |  66.7
            +---------+---------+-------+---------+---------+-------
